woodfighter, neutral female human Healer ------------ |....[......############ ------- |....^.....| # u@;}}}}| |..........| ##f|;;}.}| |..........| # #.;}}}.| -|---------- ### ------ # # ### # ### # ####### -|----- |.....| |.*...------- |......<....| ............| |............ ------------- woodfighter the Empiric Experience level: 5 Strength: 12 Dexterity: 8 Constitution: 15 Intelligence: 11 Wisdom: 15 Charisma: 16 Health: 0(29) Energy: 35(35) Def: 4 Gold: 1604 Moves: 2687 Dungeon seed: fXDhrGXowt2l707X Game ID: woodfighter_1506104237 Your Inventory: Coins $ - 1604 gold pieces Amulets p - an uncursed amulet of unchanging G - an uncursed amulet versus poison (being worn) Weapons a - a +0 scalpel H - a blessed +2 dwarvish spear (weapon in hand) J - 33 +0 darts (in quiver) Armor e - an uncursed +1 pair of leather gloves (being worn) y - an uncursed +0 leather armor (being worn) Comestibles j - 6 blessed eucalyptus leaves k - 2 blessed sprigs of wolfsbane l - 3 blessed cloves of garlic m - 5 uncursed apples D - 2 uncursed tripe rations K - an uncursed sprig of wolfsbane P - 2 uncursed food rations Scrolls g - 4 uncursed scrolls of enchant weapon n - 2 uncursed scrolls of identify o - a blessed scroll of identify t - 2 uncursed scrolls of identify u - an uncursed scroll of remove curse A - an uncursed scroll of enchant weapon C - 2 uncursed scrolls of water V - an uncursed scroll of scare monster Potions v - an uncursed potion of gain energy Rings F - a cursed ring of warning Wands f - a wand of sleep (0:5) I - a wand of enlightenment (0:15) N - a wand of nothing (0:8) Tools b - an uncursed stethoscope Spells and supernatural/magical abilities: Name Level Category Fail Memory h - healing 1 healing 0% 87% x - extra healing 3 healing 20% 87% S - stone to flesh 3 healing 35% 87% W - pray for help -- divine ? -- Your skills at the end: Miscellaneous Skills wands [Basic] Weapon Skills knife [Basic] spear [Basic] Spellcasting Skills healing spells [Basic] Final Attributes: You were devoutly aligned. You were poison resistant. You were very stealthy. You are dead. Vanquished creatures: a piranha a rock mole a fog cloud 2 elf zombies a floating eye a homunculus 3 rothes a hobbit 2 giant rats 4 cave spiders a brown mold a green mold 2 manes 10 jackals 5 newts 2 goblins 6 grid bugs 2 lichens 46 creatures vanquished. Voluntary challenges: You did not cause conflict. You were not invisible. You did not have reflection. You were not displaced. You used a wielded weapon 58 times, starting on turn 14. You did not use containers. You did not apply a unicorn horn. You did not use plumbed fixtures. You did not drink any magical draughts. You were illiterate. You never genocided any monsters. You never polymorphed an object. You never changed form. You used no wishes. You never split a pudding. You never wrote Elbereth's name. You never violated your personal moral code. Dungeon overview: The Dungeons of Doom: levels 1 to 7 Level 1 a sink a long staircase Level 2 (locked box) a general store stairs to The Gnomish Mines Level 3 (locked box) a general store, a fountain Level 4 an altar to Athena, a fountain Level 5 a fountain Level 6 (locked box) a scroll shop, an altar to Poseidon, a fountain Level 7 <- You were here The Gnomish Mines: Level 3 stairs to The Dungeons of Doom History has recorded: On T:1 you entered the Dungeons of Doom to retrieve the Amulet of Yendor! On T:22 you reached level 2 of The Dungeons of Doom. On T:321 you reached level 3 of The Dungeons of Doom. On T:709 you reached level 1 of The Gnomish Mines. On T:1001 you advanced to experience level 2. On T:1030 you reached level 4 of The Dungeons of Doom. On T:1404 you reached level 5 of The Dungeons of Doom. On T:1651 you reached level 6 of The Dungeons of Doom. On T:1659 you advanced to experience level 3. On T:2050 you advanced to experience level 4. On T:2088 you reached level 7 of The Dungeons of Doom. On T:2674 you advanced to experience level 5. Score breakdown: Gold: 100 ( 10 points) Experience: 5 levels ( 400 points) Exploration: 7 levels ( 180 points) Discoveries: 14 items ( 700 points) Variety of kills: 18 monsters ( 900 points) Major goal: (nothing yet) ( 0 points) Survival: died (score multiplied by 3) Total score: 6570 Latest messages: Kitty misses the rothe. You jab the rothe! The rothe is horribly wounded. The rothe claws you! The rothe bites! (2x) Kitty bites the rothe. The rothe is killed! You see here a rothe corpse. This rothe corpse tastes terrible! You finish eating the rothe corpse. You stop exploring. You jab the piranha! The piranha is moderately wounded. You kill the piranha! Welcome to experience level 5. You hear a hollow sound. This must be a secret door! The door opens. You hear nothing special. You displace kitty. You stop exploring. The piranha bites! (3x) You die... Final status: Goodbye woodfighter the Healer, killed by a piranha... You died in The Dungeons of Doom on dungeon level 7 with 6570 points, and 1604 pieces of gold, after 2687 moves. You were level 5 with a maximum of 29 hit points when you died.